[Event "ICC Open 2015"]
[Site "Internet Chess Club"]
[Date "2015.05.30"]
[Round "8"]
[White "DMDIS"]
[Black "wolwerine"]
[Result "0-1"]
[ICCResult "White resigns"]
[WhiteElo "1888"]
[BlackElo "2174"]
[Opening "Benkö gambit accepted"]
[ECO "A58"]
[NIC "BI.45"]
[Time "15:35:28"]
[TimeControl "180+0"]

1. d4 Nf6 2. c4 c5 3. d5 b5 4. cxb5 a6 5. bxa6 g6 6. Nc3 d6 7. g3 Bg7 8. Bg2
Bxa6 9. Nh3 Nbd7 10. O-O Nb6 11. Qc2 Bb7 12. Rd1 O-O 13. b3 Qc8 14. Rb1
Nbxd5 15. Nxd5 Nxd5 16. Rxd5 Bxd5 17. Bxd5 Qxh3 18. Bg2 Qe6 19. Bxa8 Rxa8
20. Be3 h5 21. h4 Be5 22. Rd1 Bxg3 23. Bxc5 Bxh4 24. Be3 Ra5 25. a4 Qg4+ 26.
Kf1 Rf5 27. Qc8+ Kh7 28. Qf8 Bg5 29. Bxg5 Qxg5 30. e3 Qxe3 {White resigns}
0-1

[Event "ICC Open 2015"]
[Site "Internet Chess Club"]
[Date "2015.05.30"]
[Round "8"]
[White "Agilemaster"]
[Black "Chisel"]
[Result "0-1"]
[ICCResult "White checkmated"]
[WhiteElo "2013"]
[BlackElo "1848"]
[Opening "Vienna game"]
[ECO "C27"]
[NIC "VG.02"]
[Time "15:34:51"]
[TimeControl "180+0"]

1. e4 e5 2. Nc3 Nf6 3. Bc4 Nxe4 4. Qh5 Nd6 5. Qxe5+ Be7 6. Qxg7 Bf6 7. Qg4
Nxc4 8. Qxc4 Nc6 9. Nf3 d6 10. d3 Be6 11. Qb5 Qd7 12. Ne4 Be7 13. Bg5 O-O-O
14. O-O-O a6 15. Qa4 Bxg5+ 16. Nfxg5 h6 17. Nf3 Rhg8 18. Rhg1 Rg6 19. Nd4
Nxd4 20. Qxd4 Rdg8 21. g3 Qe7 22. Qa7 f5 23. Nc3 Kd7 24. Rge1 Qd8 25. Re2
Qb8 26. Qd4 c5 27. Qf4 Qc7 28. Rde1 Re8 29. Qf3 b5 30. h4 b4 31. Nd1 Qa5 32.
b3 Qxa2 33. Kd2 Bxb3 34. h5 Qxc2# {White checkmated} 0-1

[Event "ICC Open 2015"]
[Site "Internet Chess Club"]
[Date "2015.05.30"]
[Round "8"]
[White "kaspinha"]
[Black "Lightlike"]
[Result "0-1"]
[ICCResult "White resigns"]
[WhiteElo "2319"]
[BlackElo "2648"]
[Opening "Van't Kruijs opening"]
[ECO "A00"]
[Time "15:35:14"]
[TimeControl "180+0"]

1. e3 d5 2. b3 Nf6 3. Bb2 e6 4. f4 Be7 5. Nf3 O-O 6. Be2 c5 7. O-O Nc6 8. d4
Ne4 9. Nbd2 f5 10. Nxe4 dxe4 11. Ne5 Nxe5 12. dxe5 Bd7 13. a4 Bc6 14. Qxd8
Rfxd8 15. Rad1 Kf7 16. Kf2 g5 17. g3 g4 18. h3 h5 19. hxg4 hxg4 20. Rh1 Rh8
21. Kg2 Rag8 22. Rxh8 Rxh8 23. Rh1 Rxh1 24. Kxh1 a6 25. Kg2 b5 26. axb5 axb5
27. c4 bxc4 28. Bxc4 Bd5 29. Kf2 Ke8 30. Bc3 Kd7 31. Ba5 Kc6 32. Bd2 Bd8 33.
Ke2 Kb6 34. Be1 Bxc4+ 35. bxc4 Ka6 36. Bd2 Ba5 37. Bc1 Bb4 38. Kd1 Ka5 39.
Bd2 Bxd2 {White resigns} 0-1

[Event "ICC Open 2015"]
[Site "Internet Chess Club"]
[Date "2015.05.30"]
[Round "8"]
[White "a-man"]
[Black "bjerky"]
[Result "0-1"]
[ICCResult "White checkmated"]
[WhiteElo "1494"]
[BlackElo "1629"]
[Opening "Scandinavian (center counter) defense"]
[ECO "B01"]
[NIC "SD.01"]
[Time "15:35:24"]
[TimeControl "180+0"]

1. e4 d5 2. exd5 Qxd5 3. Nc3 Qa5 4. d4 c6 5. Bd2 Nf6 6. Bc4 Bf5 7. Nf3 e6 8.
O-O Qc7 9. Re1 Bd6 10. Ne5 Nbd7 11. Nxd7 Qxd7 12. Bg5 h6 13. Bxf6 gxf6 14.
Bd3 Bxd3 15. Qxd3 O-O-O 16. Na4 Rdg8 17. c4 e5 18. c5 Bc7 19. b4 Qxd4 20.
Qxd4 exd4 21. Re2 Be5 22. Rae1 Rd8 23. Nb2 Rd5 24. a4 d3 25. Rd2 Bxb2 26.
Rxb2 d2 27. Rd1 Rhd8 28. Kf1 a5 29. bxa5 Rxc5 30. Rdxd2 Rxd2 31. Rxd2 Rxa5
32. Ra2 b5 33. Ke1 Rxa4 34. Rxa4 bxa4 35. Kd2 Kc7 36. Kc3 Kb6 37. Kb4 a3 38.
Kxa3 Kc5 39. Kb2 Kd4 40. f4 Ke4 41. g3 Kf3 42. Kb3 Kg2 43. Kb4 Kxh2 44. Kc5
Kxg3 45. Kxc6 Kxf4 46. Kd7 h5 47. Ke7 h4 48. Kxf6 h3 49. Kxf7 h2 50. Kf6
h1=Q 51. Kf7 Qh6 52. Ke8 Ke5 53. Kd8 Qg7 54. Kc8 Kd6 55. Kb8 Kc6 56. Ka8
Qb7# {White checkmated} 0-1

[Event "ICC Open 2015"]
[Site "Internet Chess Club"]
[Date "2015.05.30"]
[Round "8"]
[White "playwaycool"]
[Black "pierredams"]
[Result "1-0"]
[ICCResult "Black resigns"]
[WhiteElo "2347"]
[BlackElo "2018"]
[Opening "QGD Slav"]
[ECO "D11"]
[NIC "SL.01"]
[Time "15:35:49"]
[TimeControl "180+0"]

1. d4 c6 2. c4 d5 3. Nf3 Nf6 4. Nbd2 e6 5. e3 Bd6 6. b3 Nbd7 7. Bb2 a6 8.
Bd3 dxc4 9. Nxc4 Bc7 10. Ba3 b5 11. Nd6+ Bxd6 12. Bxd6 Bb7 13. O-O Rc8 14.
a4 Nd5 15. e4 N5f6 16. axb5 cxb5 17. Qe2 Nb6 18. e5 Nfd5 19. Qd2 Ne7 20. Ng5
h6 21. Ne4 Nbd5 22. Bxe7 Qxe7 23. Nd6+ Kf8 24. Nxc8 Bxc8 25. Be4 Bb7 26.
Rfc1 g6 27. Bxd5 exd5 28. Rc5 Kg7 29. Rac1 Rd8 30. Qf4 Rd7 31. h4 h5 32. Qg5
Qe6 33. Rc7 a5 34. Rxd7 Qxd7 35. Qf6+ Kh7 36. e6 fxe6 37. Qf4 Bc6 38. Qb8 a4
39. bxa4 bxa4 40. Qb6 Bb5 41. Rc7 {Black resigns} 1-0

[Event "ICC Open 2015"]
[Site "Internet Chess Club"]
[Date "2015.05.30"]
[Round "8"]
[White "chesstempo2"]
[Black "Willy809"]
[Result "1-0"]
[ICCResult "Black forfeits on time"]
[WhiteElo "1967"]
[BlackElo "1703"]
[Opening "Queen's pawn game"]
[ECO "D02"]
[NIC "QP.08"]
[Time "15:34:49"]
[TimeControl "180+0"]

1. d4 d5 2. Nf3 c6 3. e3 Bg4 4. c4 e6 5. Nc3 Nd7 6. Qb3 Qb6 7. Bd3 Bxf3 8.
gxf3 g6 9. Bd2 dxc4 10. Bxc4 Bh6 11. Ne4 Qxb3 12. axb3 Bf8 13. b4 Nb6 14.
Bd3 Nd5 15. b5 Bb4 16. Bxb4 Nxb4 17. Kd2 Ne7 18. Nd6+ Kf8 19. Nxb7 Nxd3 20.
Kxd3 cxb5 21. Rhc1 Nd5 22. Nd6 Ke7 23. Nxb5 a6 24. Nc3 Nb4+ 25. Kd2 Rhb8 26.
Rcb1 Kd6 27. Ne4+ Ke7 28. Nc5 f5 29. b3 Kd6 30. f4 h6 31. Rg1 Rg8 32. Ra4 a5
33. Rga1 Nc6 34. Nb7+ Kc7 35. Nxa5 Nxa5 36. Rxa5 Rxa5 37. Rxa5 Rb8 38. Rc5+
Kd6 39. Kc3 Ra8 40. Rc4 Ra2 41. b4 Rxf2 42. b5 {Black forfeits on time} 1-0

[Event "ICC Open 2015"]
[Site "Internet Chess Club"]
[Date "2015.05.30"]
[Round "8"]
[White "Mardaker"]
[Black "Womacka"]
[Result "0-1"]
[ICCResult "White resigns"]
[WhiteElo "2699"]
[BlackElo "2478"]
[Opening "Réti opening"]
[ECO "A04"]
[NIC "QP.10"]
[Time "15:36:07"]
[TimeControl "180+0"]

1. Nf3 c5 2. g3 Nc6 3. Bg2 e5 4. d3 g6 5. O-O Bg7 6. c4 d6 7. Nc3 Nge7 8. a3
O-O 9. Rb1 a5 10. Ne1 Be6 11. Nc2 d5 12. cxd5 Nxd5 13. Ne3 Nde7 14. Nc4 Rb8
15. f4 b5 16. Nxe5 Nxe5 17. fxe5 Bxe5 18. Ne4 c4 19. Bh6 Bg7 20. Bxg7 Kxg7
21. Qe1 Qd4+ 22. Kh1 cxd3 23. exd3 b4 24. Ng5 Rb6 25. axb4 axb4 26. Rf4 Qxd3
27. Qe5+ Kg8 28. Be4 Bd5 29. Qxe7 Qxb1+ 30. Kg2 Re6 31. Qxf7+ Rxf7
{White resigns}
0-1

[Event "ICC Open 2015"]
[Site "Internet Chess Club"]
[Date "2015.05.30"]
[Round "8"]
[White "legatus"]
[Black "paulohaddad"]
[Result "1-0"]
[ICCResult "Black forfeits on time"]
[WhiteElo "2316"]
[BlackElo "1847"]
[Opening "Ruy Lopez: 5.O-O"]
[ECO "C78"]
[NIC "RL.12"]
[Time "15:35:00"]
[TimeControl "180+0"]

1. e4 e5 2. Nf3 Nc6 3. Bb5 a6 4. Ba4 Nf6 5. O-O b5 6. Bb3 Be7 7. d4 exd4 8.
e5 Ne4 9. Re1 d5 10. exd6 Nxd6 11. Nxd4 Nxd4 12. Qxd4 O-O 13. Nc3 Bf6 14.
Qd5 Be6 15. Qh5 Bxb3 16. axb3 Re8 17. Bf4 Bxc3 18. bxc3 Qf6 19. Bxd6 Qxd6
20. h3 Re6 21. Rxe6 Qxe6 22. Qc5 Qe2 23. Qxc7 Qxc2 24. b4 Qe4 25. Rxa6 Rf8
26. Rb6 Qe1+ 27. Kh2 Qxf2 28. Rxb5 h6 29. Rb8 Rxb8 30. Qxb8+ Kh7 31. b5 Qe3
32. Qc7 {Black forfeits on time} 1-0

[Event "ICC Open 2015"]
[Site "Internet Chess Club"]
[Date "2015.05.30"]
[Round "8"]
[White "HardAsfalt"]
[Black "zelog"]
[Result "0-1"]
[ICCResult "White checkmated"]
[WhiteElo "1684"]
[BlackElo "2057"]
[Opening "French defense"]
[ECO "C00"]
[NIC "FR.01"]
[Time "15:35:07"]
[TimeControl "180+0"]

1. e4 e6 2. Nc3 d5 3. exd5 exd5 4. d4 Nc6 5. Nf3 Bb4 6. a3 Bxc3+ 7. bxc3
Nge7 8. Bb5 O-O 9. O-O Bg4 10. Qd3 a6 11. Bxc6 Nxc6 12. Ne5 Nxe5 13. dxe5
Qd7 14. f4 Bf5 15. Qd4 b6 16. a4 Bxc2 17. Ba3 Rfe8 18. Ra2 Bb3 19. Raf2 Qxa4
20. Qxa4 Bxa4 21. f5 Rxe5 22. f6 g6 23. h4 Rae8 24. Be7 a5 25. h5 Rxh5 26.
g4 Rg5 27. Rf4 Bd7 28. c4 Bxg4 29. cxd5 Be2+ 30. Kh2 Bxf1 31. Rxf1 Rxd5 32.
Rc1 Rd7 33. Ba3 h5 34. Kh3 Kh7 35. Bb2 g5 36. Rg1 Kg6 37. Bc1 Rd3+ 38. Kh2
Re2+ 39. Rg2 Rxg2+ 40. Kxg2 Kxf6 41. Kh2 Kg6 42. Bb2 h4 43. Bh8 g4 44. Be5
Rd2+ 45. Kh1 g3 46. Bxc7 Kf5 47. Bxb6 h3 48. Bg1 Kg4 49. Be3 Re2 50. Bg1 a4
51. Bd4 a3 52. Bg1 a2 53. Bd4 Re1+ 54. Bg1 Rxg1+ 55. Kxg1 a1=Q#
{White checkmated}
0-1

[Event "ICC Open 2015"]
[Site "Internet Chess Club"]
[Date "2015.05.30"]
[Round "8"]
[White "geilgambler"]
[Black "SvMihajlov"]
[Result "0-1"]
[ICCResult "White resigns"]
[WhiteElo "1741"]
[BlackElo "2307"]
[Opening "English: Bremen, reverse dragon"]
[ECO "A22"]
[NIC "EO.10"]
[Time "15:35:07"]
[TimeControl "180+0"]

1. c4 Nf6 2. Nc3 e5 3. g3 d5 4. Bg2 d4 5. Ne4 Nxe4 6. Bxe4 f5 7. Bg2 Be7 8.
d3 O-O 9. Nf3 Bf6 10. h4 h6 11. Bd2 c5 12. Qc2 Nc6 13. a3 Qe7 14. O-O e4 15.
Nh2 e3 16. fxe3 dxe3 17. Bc3 Nd4 18. Qd1 Qd6 19. Rf4 Be5 20. Rxd4 Bxd4 21.
Qe1 Rb8 22. Nf3 Bxc3 23. Qxc3 Qxg3 24. d4 f4 25. Kh1 Bh3 26. Bxh3 Qxh3+ 27.
Nh2 cxd4 28. Qxd4 Rbd8 29. Qe5 Rd2 30. Rg1 Rd7 31. Qh5 f3 32. Qxh6 f2 33.
Rf1 gxh6 {White resigns} 0-1

[Event "ICC Open 2015"]
[Site "Internet Chess Club"]
[Date "2015.05.30"]
[Round "8"]
[White "Ramanip15"]
[Black "safadi100"]
[Result "1-0"]
[ICCResult "Black checkmated"]
[WhiteElo "1853"]
[BlackElo "1862"]
[Opening "French: Wing gambit"]
[ECO "C00"]
[NIC "FR.01"]
[Time "15:35:09"]
[TimeControl "180+0"]

1. e4 e6 2. Nf3 d5 3. e5 c5 4. b4 cxb4 5. a3 f6 6. axb4 fxe5 7. Nxe5 Nf6 8.
c3 Bd6 9. d4 Nc6 10. f4 Ne4 11. Qh5+ g6 12. Nxg6 Nf6 13. Qh6 Rg8 14. Ne5 Qe7
15. g3 Bd7 16. b5 Nd8 17. Bd3 Nf7 18. Nxf7 Qxf7 19. O-O O-O-O 20. Rxa7 Bb8
21. Ra8 Ne4 22. Bxe4 dxe4 23. Ba3 Bxb5 24. Re1 Bd3 25. Nd2 Rg6 26. Qh4 Qf5
27. Rxb8+ Kxb8 28. Qxd8+ Ka7 29. Bc5+ Ka6 30. Ra1+ Kb5 31. Qb6#
{Black checkmated}
1-0

[Event "ICC Open 2015"]
[Site "Internet Chess Club"]
[Date "2015.05.30"]
[Round "8"]
[White "Satyricon"]
[Black "Cinzento"]
[Result "1-0"]
[ICCResult "Black resigns"]
[WhiteElo "2247"]
[BlackElo "1791"]
[Opening "King's Indian: fianchetto, classical variation, 8.e4"]
[ECO "E68"]
[NIC "KI.64"]
[Time "15:36:40"]
[TimeControl "180+0"]

1. d4 Nf6 2. c4 g6 3. Nc3 Bg7 4. Nf3 O-O 5. g3 d6 6. Bg2 Nbd7 7. O-O e5 8.
e4 Re8 9. Re1 c6 10. b3 exd4 11. Nxd4 a5 12. Rb1 Nc5 13. h3 Nfd7 14. Be3 Qc7
15. Qd2 Ne5 16. f4 Ned3 17. Red1 Nb4 18. Nde2 Bf8 19. Bxc5 dxc5 20. e5 Bf5
21. Rbc1 Rad8 22. Qe3 Nc2 23. Qf2 Qb6 24. g4 Rxd1+ 25. Rxd1 Bc8 26. Ne4 Nd4
27. Nf6+ {Black resigns} 1-0

[Event "ICC Open 2015"]
[Site "Internet Chess Club"]
[Date "2015.05.30"]
[Round "8"]
[White "RaiseTheCurve"]
[Black "EndgamesMaster"]
[Result "1-0"]
[ICCResult "Black forfeits on time"]
[WhiteElo "1930"]
[BlackElo "1709"]
[Opening "Van't Kruijs opening"]
[ECO "A00"]
[Time "15:36:25"]
[TimeControl "180+0"]

1. e3 e5 2. b3 d5 3. Bb2 Nc6 4. Bb5 Bd6 5. f4 exf4 6. Bxg7 Qh4+ 7. Kf1 fxe3
8. Qe2 Qf4+ 9. Nf3 Nf6 10. Bxc6+ bxc6 11. Bxh8 Be5 12. Nc3 a5 13. Bxf6 Qxf6
14. Qxe3 Ba6+ 15. Ke1 O-O-O 16. Qxe5 {Black forfeits on time} 1-0

[Event "ICC Open 2015"]
[Site "Internet Chess Club"]
[Date "2015.05.30"]
[Round "8"]
[White "lemanofzorn"]
[Black "Hareaum"]
[Result "0-1"]
[ICCResult "White checkmated"]
[WhiteElo "1436"]
[BlackElo "1733"]
[Opening "QGD Slav defense"]
[ECO "D10"]
[NIC "SL.01"]
[Time "15:36:28"]
[TimeControl "180+0"]

1. d4 d5 2. c4 c6 3. Nc3 Nf6 4. Bg5 e6 5. e3 Be7 6. Nf3 dxc4 7. Bxc4 Nd5 8.
Nxd5 exd5 9. Bxe7 Qxe7 10. Bd3 Qb4+ 11. Nd2 Qxb2 12. O-O Qa3 13. Nb3 O-O 14.
Nc5 b6 15. Nb3 Ba6 16. Bxh7+ Kxh7 17. Qh5+ Kg8 18. f4 Bxf1 19. Rxf1 Qd6 20.
Rf3 Qg6 21. Qe5 Nd7 22. Qc7 Qe6 23. Rg3 Nf6 24. Rg5 Qxe3+ 25. Kf1 Ne4 26.
Rxg7+ Kxg7 27. Qe5+ f6 28. Qe7+ Rf7 29. Qe6 Qf2# {White checkmated} 0-1

[Event "ICC Open 2015"]
[Site "Internet Chess Club"]
[Date "2015.05.30"]
[Round "8"]
[White "toll"]
[Black "hAutAjArvi"]
[Result "0-1"]
[ICCResult "White forfeits on time"]
[WhiteElo "1714"]
[BlackElo "2058"]
[Opening "Polish (Sokolsky) opening"]
[ECO "A00"]
[NIC "VO.10"]
[Time "15:34:52"]
[TimeControl "180+0"]

1. b4 d5 2. Bb2 Nf6 3. e3 e6 4. b5 c5 5. Nf3 Bd7 6. Be2 Qb6 7. a4 a5 8. O-O
Bd6 9. c4 O-O 10. d4 Re8 11. Nc3 Qc7 12. Ba3 b6 13. Qb3 Bc8 14. Rac1 dxc4
15. Bxc4 Bb7 16. dxc5 Bxc5 17. Bxc5 bxc5 18. Be2 Nbd7 19. Rfd1 Nb6 20. Nb1
Rac8 21. Nbd2 Nfd5 22. Nc4 Nxc4 23. Bxc4 Nb6 24. Be2 Bd5 25. Qc2 Qb7 26. Rd2
h6 27. Re1 Be4 28. Qc3 Qa7 29. Qe5 Bd5 30. Bd3 Nd7 31. Qh5 Nf6 32. Qh4 c4
33. Bc2 c3 34. Rd4 Qc5 35. Ne5 Qa3 36. Rb1 Qa2 37. Rc1 Qb2 38. Rdd1 Bb3 39.
Bxb3 Qxb3 40. g4 Rc5 41. Nd3 Rg5 42. h3 Rc8 43. f4 Rd5 44. g5 hxg5 45. fxg5
Nh7 46. g6 Rg5+ 47. Kf2 Rxg6 48. Nc5 Qb2+ 49. Kf3 Qg2+ {White forfeits on
time} 0-1

[Event "ICC Open 2015"]
[Site "Internet Chess Club"]
[Date "2015.05.30"]
[Round "8"]
[White "JOHEL"]
[Black "TudoracheM"]
[Result "1-0"]
[ICCResult "Black checkmated"]
[WhiteElo "1672"]
[BlackElo "1795"]
[Opening "Sicilian: Sveshnikov variation"]
[ECO "B33"]
[NIC "SI.38"]
[Time "15:35:47"]
[TimeControl "180+0"]

1. e4 c5 2. Nf3 Nc6 3. d4 cxd4 4. Nxd4 Nf6 5. Nc3 e5 6. Ndb5 d6 7. Bg5 a6 8.
Bxf6 gxf6 9. Na3 b5 10. Nd5 f5 11. Bxb5 axb5 12. Nxb5 Ra4 13. Nbc7+ Kd7 14.
O-O Rxe4 15. Qh5 Nd4 16. c3 Ne2+ 17. Kh1 Be7 18. Qxf5+ Kc6 19. Qxe4 Kd7 20.
Qxe2 Bb7 21. Qb5+ Kc8 22. Qc4 Kd7 23. Nb5 Bc6 24. Qg4+ Ke8 25. Nbc7+ Kf8 26.
Qf5 Bd7 27. Qh5 h6 28. f4 e4 29. f5 Bg5 30. Ne6+ Bxe6 31. fxe6 f6 32. Qf7#
{Black checkmated}
1-0

[Event "ICC Open 2015"]
[Site "Internet Chess Club"]
[Date "2015.05.30"]
[Round "8"]
[White "holderlin"]
[Black "pagoda"]
[Result "1-0"]
[ICCResult "Black checkmated"]
[WhiteElo "1701"]
[BlackElo "1920"]
[Opening "King's pawn opening"]
[ECO "B07"]
[NIC "VO.17"]
[Time "15:34:57"]
[TimeControl "180+0"]

1. e4 d6 2. Nf3 Nf6 3. Nc3 c6 4. d4 Bg4 5. Be3 e6 6. h3 Bxf3 7. Qxf3 d5 8.
e5 Nfd7 9. a3 Be7 10. Qg3 g6 11. h4 c5 12. h5 cxd4 13. Bxd4 Nc6 14. Nb5 a6
15. hxg6 fxg6 16. Bd3 axb5 17. Bxg6+ Kf8 18. Qf4+ Bf6 19. exf6 e5 20. Qh6+
Kg8 21. Qg7# {Black checkmated} 1-0

[Event "ICC Open 2015"]
[Site "Internet Chess Club"]
[Date "2015.05.30"]
[Round "8"]
[White "Kastor"]
[Black "UzbekTiger"]
[Result "1-0"]
[ICCResult "Black resigns"]
[WhiteElo "2920"]
[BlackElo "2813"]
[Opening "Scandinavian: Pytel-Wade variation"]
[ECO "B01"]
[NIC "SD.02"]
[Time "15:35:32"]
[TimeControl "180+0"]

1. e4 d5 2. exd5 Qxd5 3. Nc3 Qd6 4. g3 Nf6 5. Bg2 Nc6 6. h3 a6 7. Nf3 g6 8.
O-O Bg7 9. d4 O-O 10. Bf4 Qd8 11. a3 e6 12. Qd2 Nh5 13. Bg5 f6 14. Be3 f5
15. Bg5 Qd7 16. Rad1 f4 17. g4 Nf6 18. Bxf4 Nd5 19. Bg3 b6 20. Rfe1 Bb7 21.
Ne4 Rae8 22. c4 Nde7 23. d5 exd5 24. cxd5 Na5 25. d6 cxd6 26. Qxd6 Qb5 27.
Qe6+ Kh8 28. Nd6 Qxb2 29. Nxe8 Rxe8 30. Ng5 Qf6 31. Qxf6 Bxf6 32. Nf7+ Kg8
33. Nd6 {Black resigns} 1-0

[Event "ICC Open 2015"]
[Site "Internet Chess Club"]
[Date "2015.05.30"]
[Round "8"]
[White "boveymvp"]
[Black "Lzmann"]
[Result "1-0"]
[ICCResult "Black resigns"]
[WhiteElo "1644"]
[BlackElo "1768"]
[Opening "Sicilian: Grand Prix attack"]
[ECO "B23"]
[NIC "SI.44"]
[Time "15:35:31"]
[TimeControl "180+0"]

1. e4 c5 2. Nc3 Nc6 3. f4 g6 4. Nf3 Bg7 5. Bb5 Nd4 6. Bc4 e6 7. a3 Ne7 8.
O-O d5 9. Ba2 O-O 10. d3 a6 11. Kh1 Qc7 12. Bd2 Nxf3 13. Qxf3 d4 14. Nd1 f5
15. e5 Kh8 16. Nf2 Bd7 17. Nh3 Bc6 18. Qg3 Nd5 19. Ng5 Qe7 20. Rae1 h6 21.
Nf3 b5 22. Nh4 g5 23. Ng6+ Kh7 24. Nxe7 Nxe7 25. fxg5 f4 26. Bxf4 Nf5 27.
Qh3 Rh8 28. Bxe6 Ne7 29. gxh6 Bf8 30. Bg5 Ng6 31. Rf7+ {Black resigns} 1-0

[Event "ICC Open 2015"]
[Site "Internet Chess Club"]
[Date "2015.05.30"]
[Round "8"]
[White "Bozhenka"]
[Black "aplusk"]
[Result "0-1"]
[ICCResult "White resigns"]
[WhiteElo "3062"]
[BlackElo "2932"]
[Opening "King's Indian: 6.Be2"]
[ECO "E91"]
[NIC "KI.19"]
[Time "15:34:44"]
[TimeControl "180+0"]

1. Nf3 Nf6 2. c4 g6 3. Nc3 Bg7 4. e4 d6 5. d4 O-O 6. Be2 Bg4 7. O-O Nfd7 8.
Bg5 Nc6 9. d5 Bxf3 10. Bxf3 Nd4 11. Be3 c5 12. dxc6 Nxc6 13. Rc1 Rc8 14. b3
Nc5 15. Qd2 Qa5 16. Rfd1 Rfd8 17. h4 h5 18. Nd5 Qxd2 19. Rxd2 e6 20. Nc3 a6
21. g3 Ne5 22. Kg2 Ncd3 23. Rcd1 Ne1+ 24. Rxe1 Nxf3 25. Kxf3 Bxc3 26. a4
Bxd2 27. Bxd2 d5 28. Bg5 Rd7 29. exd5 exd5 30. c5 Rxc5 31. Bf6 Rc8 32. Bd4
b5 33. a5 f6 34. Re6 Ra8 35. Bxf6 d4 36. Ke2 d3+ 37. Kd2 Kf7 38. Rc6 Re8 39.
Rxa6 Re2+ 40. Kd1 Rxf2 41. Bd4 Rxd4 {White resigns} 0-1

[Event "ICC Open 2015"]
[Site "Internet Chess Club"]
[Date "2015.05.30"]
[Round "8"]
[White "Smokie"]
[Black "vicmel"]
[Result "0-1"]
[ICCResult "White forfeits on time"]
[WhiteElo "1435"]
[BlackElo "1895"]
[Opening "English: Anglo-Dutch defense"]
[ECO "A10"]
[NIC "HD.14"]
[Time "15:34:49"]
[TimeControl "180+0"]

1. c4 f5 2. g3 Nf6 3. Bg2 g6 4. Nc3 d6 5. d4 Bg7 6. Bg5 Nbd7 7. e3 O-O 8.
Nge2 h6 9. Bxf6 Nxf6 10. Qb3 Kh7 11. Rd1 c6 12. c5 d5 13. Nf4 Ne4 14. Nxe4
fxe4 15. O-O Qe8 16. a4 g5 17. Ne2 Rb8 18. a5 Bg4 19. Rd2 e5 20. Nc3 Bf3 21.
Nxd5 cxd5 22. Qxd5 exd4 23. exd4 e3 24. Bxf3 exd2 25. Be4+ Kh8 26. Rd1 Rd8
27. Qxb7 Rxd4 28. Bc6 Qe1+ 29. Rxe1 dxe1=Q+ 30. Kg2 Qxf2+ 31. Kh3 g4+
{White forfeits on time}
0-1

[Event "ICC Open 2015"]
[Site "Internet Chess Club"]
[Date "2015.05.30"]
[Round "8"]
[White "JArookie"]
[Black "gmgattass"]
[Result "0-1"]
[ICCResult "White resigns"]
[WhiteElo "1972"]
[BlackElo "2334"]
[Opening "French: advance variation"]
[ECO "C02"]
[NIC "FR.03"]
[Time "15:35:21"]
[TimeControl "180+0"]

1. e4 e6 2. d4 d5 3. e5 c5 4. c3 Nc6 5. f4 Qb6 6. Nf3 Bd7 7. Be2 f6 8. O-O
cxd4 9. cxd4 Nh6 10. exf6 gxf6 11. Nbd2 Nxd4 12. Nb3 Nxb3+ 13. Kh1 Nxa1 14.
b3 Ng4 15. Nd4 h5 16. Bxg4 hxg4 17. Bb2 g3 18. h3 O-O-O 19. Bxa1 Kb8 20. a4
Bd6 21. Qd3 e5 22. fxe5 fxe5 23. Nb5 Bxh3 24. gxh3 Rxh3+ 25. Kg2 Rh2+ 26.
Kxg3 e4+ 27. Nxd6 Qxd6+ 28. Rf4 Rg8+ 29. Kxh2 Qxf4+ {White resigns} 0-1

[Event "ICC Open 2015"]
[Site "Internet Chess Club"]
[Date "2015.05.30"]
[Round "8"]
[White "olimpioMD"]
[Black "Palenque"]
[Result "1-0"]
[ICCResult "Black forfeits on time"]
[WhiteElo "1466"]
[BlackElo "1652"]
[Opening "Polish defense"]
[ECO "A40"]
[NIC "QO.17"]
[Time "15:35:09"]
[TimeControl "180+0"]

1. d4 b5 2. e4 a6 3. h4 Bb7 4. d5 e6 5. c4 exd5 6. cxd5 d6 7. h5 Be7 8. h6
g6 9. Qd4 Bf6 10. Qd2 Ne7 11. Nf3 O-O 12. Nc3 c5 13. Ne2 Nd7 14. Nf4 c4 15.
Nh5 gxh5 16. Rxh5 Kh8 17. Rh1 Ng6 18. Be2 Nde5 19. Qc2 Nxf3+ 20. Bxf3 Ne5
21. Be2 Rg8 22. g3 Qd7 23. Be3 Ng4 24. Bb6 Rae8 25. O-O-O Qe7 26. f3 Ne5 27.
Qd2 Nd7 28. Be3 Qe5 29. g4 c3 30. bxc3 Qxc3+ 31. Qxc3 Bxc3 32. Bd4+ Bxd4 33.
Rxd4 Rc8+ 34. Kb2 Ne5 35. Rc1 Rxc1 36. Kxc1 Rc8+ 37. Kb2 Nc4+ 38. Bxc4 Rxc4
39. Rxc4 bxc4 40. Kc3 Bc8 41. Kxc4 Bd7 42. Kb4 Bb5 43. a4 Be2 44. Ka5 Bxf3
45. Kxa6 Bxe4 46. Kb6 Bxd5 47. Kc7 Kg8 48. Kxd6 Bf3 49. g5 Kf8 50. Ke5 Ke7
51. a5 Bb7 52. Kf4 Ke6 53. Kg4 Ke5 54. Kh4 Kf5 55. Kh5 Bf3+ 56. Kh4 Kg6 57.
a6 Ba8 58. a7 Kf5 59. Kh5 Bf3+ 60. Kh4 Kf4 61. Kh3 {Black forfeits on time}
1-0

[Event "ICC Open 2015"]
[Site "Internet Chess Club"]
[Date "2015.05.30"]
[Round "8"]
[White "Valai"]
[Black "Jack-Daniels"]
[Result "0-1"]
[ICCResult "White resigns"]
[WhiteElo "2530"]
[BlackElo "2886"]
[Opening "King's Indian: Petrosian system, Stein variation"]
[ECO "E92"]
[NIC "KI.17"]
[Time "15:35:56"]
[TimeControl "180+0"]

1. d4 Nf6 2. c4 g6 3. Nc3 Bg7 4. e4 O-O 5. Nf3 d6 6. Be2 e5 7. d5 a5 8. Bg5
Qe8 9. Nd2 h5 10. O-O Nh7 11. Be3 f5 12. f3 f4 13. Bf2 g5 14. b3 Qg6 15. Kh1
g4 16. a3 g3 17. Bg1 gxh2 18. Bf2 h4 19. Kxh2 Nf6 20. Rh1 Nh5 21. Nf1 Ng3
22. Bxg3 fxg3+ 23. Kg1 h3 24. Qe1 h2+ 25. Nxh2 gxh2+ 26. Rxh2 Na6 27. b4
axb4 28. axb4 Bd7 29. Rb1 c5 30. Na2 cxb4 31. Nxb4 Nc5 32. Nd3 Nxd3 33. Bxd3
Rxf3 34. Qe2 Rf7 35. Rxb7 Qg3 36. Rb1 Raf8 37. Qh5 Qf2+ 38. Kh1 Qf1+
{White resigns}
0-1

[Event "ICC Open 2015"]
[Site "Internet Chess Club"]
[Date "2015.05.30"]
[Round "8"]
[White "MrsPiggy"]
[Black "Knight83"]
[Result "1-0"]
[ICCResult "Black checkmated"]
[WhiteElo "1377"]
[BlackElo "1231"]
[Opening "Queen's pawn game"]
[ECO "D00"]
[NIC "QP.08"]
[Time "15:34:56"]
[TimeControl "180+0"]

1. d4 d5 2. e3 c6 3. c4 e6 4. Nf3 Nf6 5. Be2 Be7 6. O-O Nbd7 7. b3 Qc7 8.
Bb2 O-O 9. Re1 Bd6 10. Nc3 dxc4 11. Bxc4 Nd5 12. Ne2 N7f6 13. Ne5 Bxe5 14.
dxe5 Ng4 15. Qd4 Nh6 16. Ng3 Bd7 17. Ne4 Nf5 18. Qd1 Rac8 19. Qh5 g6 20. Qg5
Qd8 21. Nf6+ Nxf6 22. exf6 c5 23. e4 Nd6 24. Qh6 Ne8 25. e5 a6 26. Ba3 Qb6
27. Qe3 Nc7 28. Red1 Be8 29. Rd6 Qa5 30. Bxc5 Nb5 31. Rd3 b6 32. Bxf8 Kxf8
33. a4 Nc7 34. Rad1 Bc6 35. Rd8+ Rxd8 36. Rxd8+ Be8 37. Qh6+ Kg8 38. Qg7#
{Black checkmated}
1-0

[Event "ICC Open 2015"]
[Site "Internet Chess Club"]
[Date "2015.05.30"]
[Round "8"]
[White "centrepawn"]
[Black "TacticsTime"]
[Result "0-1"]
[ICCResult "White forfeits on time"]
[WhiteElo "1261"]
[BlackElo "1310"]
[Opening "Polish defense"]
[ECO "A40"]
[NIC "QO.17"]
[Time "15:35:56"]
[TimeControl "180+0"]

1. d4 b5 2. Bf4 a6 3. e4 Bb7 4. d5 Nf6 5. Nd2 e6 6. Bd3 exd5 7. exd5 Bxd5 8.
Ngf3 d6 9. O-O Nbd7 10. Re1+ Be7 11. Nd4 O-O 12. Bg5 h6 13. Bh4 g5 14. Bg3
Re8 15. Nf5 Bf8 16. Rxe8 Qxe8 17. c3 Nc5 18. Qc2 Qe6 19. h3 Nxd3 20. Qxd3
Re8 21. Nf3 Be4 22. Qd4 Qxf5 23. Nxg5 hxg5 {White forfeits on time} 0-1